 Dungeon Crawl Stone Soup version 0.20-a0-315-g8346a86 (webtiles) character file.

282 dondy the Cleaver (level 6, 0/51 HPs)
             Began as a Hill Orc Monk on Dec 20, 2016.
             Slain by Grinder (3 damage)
             ... on level 4 of the Dungeon.
             The game lasted 00:07:41 (3340 turns).

dondy the Cleaver (Hill Orc Monk)                   Turns: 3340, Time: 00:07:43

Health: 0/51       AC: 12    Str: 16    XL:     6   Next: 28%
Magic:  6/6        EV:  5    Int: 10    God:
Gold:   123        SH:  0    Dex: 13    Spells: 5/5 levels left

rFire  . . .     SeeInvis .     a - +0 hand axe
rCold  . . .     Gourm    .     j - +0 plate armour
rNeg   . . .     Faith    .     (no shield)
rPois  +         Spirit   .     (no helmet)
rElec  .         Reflect  .     p - +1 cloak {rPois}
rCorr  .         Harm     .     (no gloves)
MR     .....                    (no boots)
Stlth  ..........               (no amulet)
                                (no ring)
                                (no ring)

@: no status effects
A: no striking features
a: no special abilities


You were on level 4 of the Dungeon.
You were not hungry.

You visited 1 branch of the dungeon, and saw 4 of its levels.

You collected 123 gold pieces.

Inventory:

Hand Weapons
 a - a +0 hand axe (weapon)
Missiles
 m - 4 curare-tipped needles
Armour
 j - a +0 plate armour (worn)
 p - a +1 cloak of poison resistance (worn)
 q - a +2 shield
Scrolls
 b - 4 scrolls of identify {unknown}
 l - a scroll of magic mapping {unknown}
 v - a scroll of immolation {unknown}
 w - a scroll of noise {unknown}
Potions
 d - 4 potions of curing {unknown}
 e - a potion of cancellation {unknown}
 g - a potion of magic {unknown}
 h - 2 potions of degeneration {unknown}
 k - a potion of flight {unknown}
 s - a potion of lignification {unknown}
 t - a potion of mutation {unknown}
 u - a potion of agility {unknown}
Books
 r - a book of Misfortune

   Spells                             Type                      Level
   a - Confusing Touch                Hexes                        1
   b - Confuse                        Hexes                        3
   c - Gell's Gravitas                Hexes/Translocation          3
   d - Petrify                        Transmutation/Earth          4
   e - Metabolic Englaciation         Hexes/Ice                    5
   f - Yara's Violent Unravelling     Hexes/Transmutation          5
Comestibles
 c - 4 bread rations
 f - a meat ration
 i - 4 fruits
 n - 2 beef jerkies
 o - a royal jelly


   Skills:
 - Level 3.6 Fighting
 + Level 9.0 Axes
 - Level 2.4 Dodging
 - Level 1.5 Stealth


You had 5 spell levels left.
You didn't know any spells.

Dungeon Overview and Level Annotations

Branches:
Dungeon (4/15)
 Temple: D:4-7

Altars:
Ashenzari
Ru

Annotations:
D:4 Grinder


Message History

Grinder is lightly wounded.
Grinder says, "Just stop there for a second..."
Grinder hits you.
* * * LOW HITPOINT WARNING * * *
You hit Grinder but do no damage.
Grinder is lightly wounded.
Grinder hits you.
* * * LOW HITPOINT WARNING * * *
You writhe in agony.
* * * LOW HITPOINT WARNING * * *
You closely miss Grinder.
Grinder is lightly wounded.
Grinder says, "Mostly I couldn't keep them alive."
Grinder hits you but does no damage.
Your plate armour prevents you from hitting Grinder.
Grinder barely misses you.
You closely miss Grinder. Grinder hits you.
* * * LOW HITPOINT WARNING * * *
You writhe in agony.
You die...

### ####### ... ....... ###
##### ....... ... ...# .......
####################..###.......
....#...........@5....#.a.......
.##.#.###############.#.#.......
.##.#.##### ..........###.####
.#........# #######...# #
..........# #...# .#........#
#...# ..........# #...#
##........# ..... ............
#.##..#


You could see Grinder.

Vanquished Creatures
  A centaur (D:3)
  Ijyb (D:3)
  A worker ant (D:4)
  3 adders
  4 gnolls (D:3)
  An ooze (D:1)
  A dart slug (D:2)
  2 leopard geckos
  A ball python (D:3)
  8 bats
  8 giant cockroaches
  14 goblins
  10 hobgoblins
  13 kobolds
  2 frilled lizards
  3 rats
73 creatures vanquished.

Notes
Turn   | Place    | Note
-------+----------+-------------------------------------------
     0 | D:1      | dondy the Hill Orc Monk began the quest for the Orb.
     0 | D:1      | Reached XP level 1. HP: 19/19 MP: 1/1
   244 | D:1      | Reached XP level 2. HP: 25/26 MP: 2/2
   282 | D:1      | Reached skill level 5 in Axes
   816 | D:1      | Reached XP level 3. HP: 31/31 MP: 3/3
  1171 | D:2      | Reached skill level 6 in Axes
  1634 | D:2      | Reached XP level 4. HP: 35/39 MP: 4/4
  1949 | D:2      | Found a shattered altar of Ashenzari.
  2047 | D:3      | Reached skill level 7 in Axes
  2067 | D:3      | Reached XP level 5. HP: 27/45 MP: 5/5
  2482 | D:3      | Noticed Ijyb
  2504 | D:3      | Killed Ijyb
  2518 | D:3      | Noticed a centaur
  2540 | D:3      | Killed a centaur
  2540 | D:3      | Reached skill level 8 in Axes
  2540 | D:3      | Reached XP level 6. HP: 20/51 MP: 6/6
  2829 | D:3      | Found a sacrificial altar of Ru.
  3310 | D:4      | Noticed Grinder
  3330 | D:4      | Reached skill level 9 in Axes
  3340 | D:4      | Slain by Grinder

Vault maps used:
D:1:      dpeg_arrival_round_c
D:2:      lemuel_coloured_pillars_altar
D:3:      nicolae_ru_the_path_less_chosen, first_bread, uniq_iyjb
D:4:      black_bear_nest_1, grunt_gozag_breadcrumbs, uniq_grinder

Skill      XL: |  1  2  3  4  5  6 |
---------------+-------------------+-----
Axes           | 5 6 7 8 9 |  9.0
Fighting       | |  3.6
Dodging        | |  2.4
Stealth        | |  1.5

Action                   |  1- 3 |  4- 6 || total
-------------------------+-------+-------++-------
Melee: Hand axe          |   128 |   172 ||   300
  Eat: Chunk             |     2 |     6 ||     8
Armor: Robe              |     3 |       ||     3
       Chain mail        |    22 |       ||    22
       Plate armour      |    54 |   109 ||   163
Dodge: Dodged            |    38 |    44 ||    82
